 Dungeon Crawl Stone Soup version 0.27-a0-1193-g8631133539 (webtiles) character file.

Game seed: 17003052108235198908

20 Sweetruy1997 the Chopper (level 2, -1/27 HPs)
             Began as a Hill Orc Monk on May 26, 2021.
             Succumbed to an adder's poison
             ... on level 1 of the Dungeon.
             The game lasted 00:01:32 (1042 turns).

Sweetruy1997 the Chopper (Hill Orc Monk)            Turns: 1042, Time: 00:01:33

Health: -1/27      AC:  3    Str: 13    XL:     2   Next: 79%
Magic:  2/2        EV: 12    Int: 10    God:
Gold:   11         SH:  0    Dex: 13    Spells: 1/1 levels left

rFire    . . .     SeeInvis .   a - +0 hand axe
rCold    . . .     Faith    .   (no shield)
rNeg     . . .     Spirit   .   b - +0 robe
rPois    .         Reflect  .   (no helmet)
rElec    .         Harm     .   (no cloak)
rCorr    .         Rampage  .   c - +0 pair of gloves
Will     .....                  (no boots)
Stlth    ++........             (no amulet)
HPRegen  0.09/turn              (no ring)
MPRegen  0.08/turn              (no ring)

@: lethally poisoned (-1 -> -8)
A: no striking features
a: no special abilities


You were on level 1 of the Dungeon.
You visited 1 branch of the dungeon, and saw 2 of its levels.

You collected 11 gold pieces.

Inventory:

Hand Weapons
 a - a +0 hand axe (weapon)
Armour
 b - a +0 robe (worn)
 c - a +0 pair of gloves (worn)
Scrolls
 d - a scroll of identify {unknown}
 e - a scroll of amnesia {unknown}
Potions
 f - a potion of degeneration {unknown}


   Skills:
 + Level 3.9 Fighting
 + Level 4.5 Axes
 + Level 2.6 Dodging
 + Level 1.7 Stealth


You had one spell level left.
You didn't know any spells.
Your spell library was empty.

Dungeon Overview and Level Annotations

Branches:
Dungeon (2/15)

Altars:


Message History

A ball python comes into view.
Found a fizzy white potion.
You slash the ball python!
You kill the ball python!
You see here a ball python corpse.
f - a fizzy white potion You see here a ball python corpse.
There is an open door here.
There is an open door here.
There is an open door here.
There is an open door here.
You open the door.
There is an open door here.
Done exploring.
Done exploring.
There is an open door here.
There is an open door here.
There is a stone staircase leading down here.
You climb downwards.
An adder, a giant cockroach and 4 gnolls come into view.
The gnoll shouts! x3
There is a stone staircase leading up here.
Unknown command.
The adder bites you.
You are poisoned.
The adder poisons you! The gnoll hits you with a +0 spear!
You climb upwards.
You feel sick.
There is a stone staircase leading down here.
You hit the gnoll but do no damage. You barely miss the adder.
You feel sick. The adder misses you. The gnoll hits you with a +0 spear!
* * * LOW HITPOINT WARNING * * *
You hit the adder.
The adder is heavily wounded.
You barely miss the gnoll.
You feel sick. The adder bites you.
* * * LOW HITPOINT WARNING * * *
The adder bites you.
* * * LOW HITPOINT WARNING * * *
You are more poisoned.
The adder poisons you! The gnoll closely misses you.
You die...

#.##.# #.# #........# ##...##
#.##.###.# #.##########.....##
#.##...#.# #.##.## ##.......#
#.#....#.######.#...####.........
.....).................'.........
#........#####..#....###..)......
###...#.## #g.##.#.# ##)......#
##....# #S>.###.# ##.....##
#.#### #.#@# #.# ##...## #.#
#.#.# #.# ##'#### #># #.#.###.#
#.#... ####.# #.......# #.#.##
.....# ###.##### ##.#.#. ######
#.# ##....#. #.# #.....#. #.####
##...... #....# ##.###.


You could see a gnoll and an adder.

Vanquished Creatures
  4 hobgoblins (D:1)
  2 ball pythons (D:1)
  6 bats (D:1)
  A frilled lizard (D:1)
  2 goblins (D:1)
  4 kobolds (D:1)
  3 rats (D:1)
22 creatures vanquished.

Notes
Turn   | Place    | Note
-------+----------+-------------------------------------------
     0 | D:1      | Sweetruy1997 the Hill Orc Monk began the quest for the Orb.
     0 | D:1      | Reached XP level 1. HP: 19/19 MP: 1/1
   249 | D:1      | Reached XP level 2. HP: 27/27 MP: 2/2
   571 | D:1      | Found a faded altar of an unknown god.
  1041 | D:1      | HP: 1/27 [adder (1)]
  1042 | D:1      | Succumbed to an adder's poison

Illustrated notes

Levels and vault maps discovered:
D:1:      eino_arrival_cavern_c, layout_loops_corners, basic_ecumenical_altar
D:2:      layout_rooms, basic_altar, uniq_robin

Action                   || total
-------------------------++-------
Melee: Hand axe          ||    54
 Stab: Sleeping          ||     4
Armor: Robe              ||    16
Dodge: Dodged            ||    43

Table legend: (Time is in decaauts)
 A = Elapsed time spent in this place.
 B = Non-inter-level travel time spent in this place.
 C = Inter-level travel time spent in this place.
 D = Time resting spent in this place.
 E = Time spent auto-exploring this place.
 F = Levels seen in this place.
 G = Mean time per level.
                   A        B        C        D        E       F      G
               +--------+--------+--------+--------+--------+-----+--------+
         Total |   1047 |    990 |     57 |      0 |    846 |   2 |  523.5 |
       Dungeon |   1047 |    990 |     57 |      0 |    846 |   2 |  523.5 |
               +--------+--------+--------+--------+--------+-----+--------+

Top non-repeatable levels by time:
     D:1: 1045 daAuts
     D:2: 1 daAuts
